 Dungeon Crawl Stone Soup version 0.31-a0-1237-gabc64e778c (webtiles) character file.

Game seed: 15823554210011800951

1384 IdlyInterested the Shield-Bearer (level 8, -1/64 HPs)
             Began as a Demonspawn Fighter on Dec 15, 2023.
             Killed from afar by an electric eel (12 damage)
             ... with a bolt of electricity
             ... on level 6 of the Dungeon.
             The game lasted 00:18:38 (6559 turns).

IdlyInterested the Shield-Bearer (DsFi)             Turns: 6559, Time: 00:18:39

Health: -1/64      AC: 11    Str: 17    XL:     8   Next: 40%
Magic:  12/12      EV: 12    Int:  8    God:
Gold:   365        SH: 11    Dex: 15    Spells: 12/12 levels left

rFire   + . .        z - +2 whip (drain)
rCold   . . .        b - +0 buckler
rNeg    . . .        F - +2 scale mail {rF+}
rPois   .            (helmet restricted)
rElec   .            u - +0 cloak
rCorr   .            s - +0 pair of gloves
SInv    .            (no boots)
Will    .....        n - amulet of reflection Stlth
                     (no ring)
HPRegen 0.30/turn    (no ring)
MPRegen 0.26/turn

%: reflection
@: very slow
A: horns 2, repulsion field 1, powered by death 2, magic regeneration
a: no special abilities


You were on level 6 of the Dungeon.
You visited 1 branch of the dungeon, and saw 6 of its levels.

You collected 365 gold pieces.

Inventory:

Hand Weapons
 v - a +0 flail
 w - a +2 heavy war axe
 y - a +0 long sword
 z - a +2 whip of draining (weapon)
 B - a +2 hand axe of electrocution
 C - a +0 trident
 H - a +0 whip of electrocution
 L - a +2 vampiric short sword
 N - a +2 heavy hammer
Missiles
 m - 59 stones
 x - 10 poisoned darts
 D - 5 boomerangs
 M - 4 datura-tipped darts
Armour
 b - a +0 buckler (worn)
 s - a +0 pair of gloves (worn)
 u - a +0 cloak (worn)
 F - a +2 scale mail of fire resistance (worn)
Magical Staves
 r - a staff of poison
Jewellery
 n - an amulet of reflection (around neck)
 O - an amulet of faith
Talismans
 i - the flux talisman of the Earth {Str+5 Slay+2}
   (You found it on level 3 of the Dungeon)

   [flux talisman]

   Str+5:     It affects your strength (+5).
   Slay+2:    It affects your accuracy & damage with ranged weapons and melee
   (+2).
Wands
 e - a wand of paralysis (20)
Scrolls
 d - a scroll of vulnerability {unknown}
 f - a scroll of fear {unknown}
 j - 4 scrolls of fog
 o - a scroll of immolation
 q - a scroll of amnesia {unknown}
 t - 3 scrolls of teleportation
 G - a scroll of enchant armour {unknown}
 I - a scroll of blinking {unknown}
 P - 2 scrolls of identify
Potions
 a - a potion of lignification
 c - a potion of might
 g - a potion of experience
 h - a potion of berserk rage
 k - a potion of enlightenment
 l - a potion of brilliance
 p - a potion of mutation
 A - a potion of attraction
 E - a potion of curing
 J - a potion of heal wounds
 K - a potion of ambrosia


   Skills:
 + Level 6.1 Fighting
 - Level 3.0 Armour
 - Level 3.0 Dodging
 * Level 7.1 Shields
 - Level 1.7 Unarmed Combat
 + Level 2.9 Spellcasting


You had 12 spell levels left.
You didn't know any spells.
Your spell library contained the following spells:

 Spells                   Type           Power      Damage    Failure   Level
 Freeze                   Ice            4%         1d3       80%         1
 Shock                    Conj/Air       4%         1d3       80%         1
 Summon Small Mammal      Summ           4%         N/A       80%         1
 Call Canine Familiar     Summ           1%         N/A       99%         3
 Frozen Ramparts          Ice            2%         1d1       99%         3
 Hailstorm                Conj/Ice       1%         3d5       99%         3
 Summon Guardian Golem    Hex/Summ       1%         N/A       99%         3
 Swiftness                Air            1%         N/A       99%         3
 Airstrike                Air            0%         2d(1-17)  100%        4


Dungeon Overview and Level Annotations

Branches:
Dungeon (6/15)
 Temple: D:4-7

Altars:
Okawaru
Ru
Xom


Innate Abilities, Weirdness & Mutations

You have a pair of horns on your head.
You are surrounded by a mild repulsion field. (EV +2)
You regenerate health from kills.
You regenerate magic rapidly.


Message History

Found a book of Frost.
You enter the shallow water.
Moving in this stuff is going to be slow.
P - a scroll of identify
P - 2 scrolls of identify (gained 1)
Okay, then.
There is a sacrificial altar of Ru here.
You pick up a book of Frost and begin reading...
You add the spells Freeze, Frozen Ramparts and Hailstorm to your library.
Found a stone staircase leading down.
An electric eel comes into view.
The electric eel shoots out a bolt of lightning at you!
The bolt of electricity hits you but does no damage.
The bolt of electricity misses you.
The electric eel shoots out a bolt of lightning at you!
The bolt of electricity hits you.
The electric eel shoots out a bolt of lightning at you!
The bolt of electricity hits you!
You enter the shallow water.
Moving in this stuff is going to be slow.
Your unstable footing causes you to fumble your attack.
The electric eel shoots out a bolt of lightning at you!
The bolt of electricity hits you. x2
The electric eel shoots out a bolt of lightning at you!
The bolt of electricity hits you! The bolt of electricity hits you.
You hit the electric eel. You headbutt the electric eel!
The electric eel is heavily wounded.
Your unstable footing causes you to fumble your attack.
You closely miss the electric eel.
The electric eel is heavily wounded.
The electric eel shoots out a bolt of lightning at you!
The bolt of electricity hits you!
* * * LOW HITPOINT WARNING * * *
The bolt of electricity hits you!
* * * LOW HITPOINT WARNING * * *
You barely miss the electric eel.
The electric eel is heavily wounded.
The electric eel shoots out a bolt of lightning at you!
The bolt of electricity hits you!
You die...

...#.######.###########
....>................>..
..##.######.###.........
.. #.# #.# #....##~# ..
#.# #.# #..#~#≈≈ # # #.#
#.###..#≈≈≈≈≈≈ #.#
#.##..##≈#≈≈#≈ #.#
#.##..#≈≈≈≈≈≈≈ #.#
#.##..@S# ≈# ####.#
#.##..##≈≈≈≈≈≈ <....#
#....# ≈#≈≈≈ ######
.......~# ≈≈ #
#.....#....~ ##
.............
.~~~.#......... .~~~.
.........
...~.~.........


You could see an electric eel.

Vanquished Creatures
  Pikel (D:5)
  Grinder (D:3)
  An ogre (D:5)
  A howler monkey (D:4)
  3 orc priests (D:4)
  Crazy Yiuf (D:5)
  A hound (D:5)
  A sleepcap (D:5)
  Ijyb (D:5)
  3 orc wizards (D:4)
  Natasha (thrice) (D:2)
  13 adders
  A white imp (D:5)
  2 worms
  A dart slug (D:1)
  28 orcs
  5 bats
  9 endoplasms
  8 giant cockroaches
  13 goblins
  3 hobgoblins
  17 jackals
  7 kobolds
  5 quokkas
  7 ball pythons
  5 frilled lizards
  6 rats
147 creatures vanquished.

Notes
Turn   | Place    | Note
-------+----------+-------------------------------------------
     0 | D:1      | IdlyInterested the Demonspawn Fighter began the quest for
                  | the Orb.
     0 | D:1      | Reached XP level 1. HP: 18/18 MP: 1/1
   146 | D:1      | You fall into a shaft and drop 1 floor!
   189 | D:2      | Gained mutation: You have a pair of small horns on your
                  | head. [demonic ancestry]
   189 | D:2      | Reached XP level 2. HP: 10/24 MP: 2/2
   422 | D:1      | Gained mutation: You regenerate a little health from kills.
                  | [demonic ancestry]
   422 | D:1      | Reached XP level 3. HP: 25/29 MP: 3/3
   427 | D:1      | Reached skill level 3 in Shields
   811 | D:1      | Noticed a great orb of eyes
   813 | D:1      | Found a faded altar of an unknown god.
   815 | D:1      | Noticed a shining eye
   824 | D:1      | Noticed a golden eye
   824 | D:1      | Noticed a great orb of eyes
  1395 | D:2      | Reached skill level 1 in Dodging
  1510 | D:2      | Gained mutation: You have a pair of horns on your head.
                  | [demonic ancestry]
  1510 | D:2      | Reached XP level 4. HP: 31/37 MP: 4/4
  1651 | D:2      | Noticed Natasha
  1657 | D:2      | Killed Natasha
  1750 | D:2      | Noticed Natasha
  1765 | D:2      | Killed Natasha
  2963 | D:2      | Noticed Natasha
  2981 | D:2      | Killed Natasha
  2982 | D:2      | Gained mutation: You are surrounded by a mild repulsion
                  | field. (EV +2) [demonic ancestry]
  2982 | D:2      | Reached XP level 5. HP: 22/42 MP: 5/5
  3084 | D:3      | Reached skill level 4 in Shields
  3627 | D:3      | Identified the flux talisman of the Earth {Str+5 Slay+2}
  3745 | D:3      | Noticed Grinder
  3749 | D:3      | Paralysed by Grinder for 4 turns
  3773 | D:3      | Killed Grinder
  3774 | D:3      | Gained mutation: You regenerate magic rapidly. [demonic
                  | ancestry]
  3774 | D:3      | Reached XP level 6. HP: 12/49 MP: 6/6
  4354 | D:3      | Reached skill level 5 in Shields
  4622 | D:4      | Gained mutation: You regenerate health from kills. [demonic
                  | ancestry]
  4622 | D:4      | Reached XP level 7. HP: 33/55 MP: 7/7
  4633 | D:4      | HP: 2/55 [orc/+0 mace (4)]
  4636 | D:4      | Reached skill level 5 in Fighting
  5244 | D:4      | Reached skill level 1 in Spellcasting
  5555 | D:5      | Entered Level 5 of the Dungeon
  5571 | D:5      | Found an iron altar of Okawaru.
  5615 | D:5      | Noticed Pikel
  5638 | D:5      | Killed Pikel
  5639 | D:5      | Reached skill level 6 in Shields
  5639 | D:5      | Reached XP level 8. HP: 32/64 MP: 8/11
  6079 | D:5      | Noticed Ijyb
  6087 | D:5      | Paralysed by Ijyb for 5 turns
  6094 | D:5      | Killed Ijyb
  6157 | D:5      | Found a shimmering altar of Xom.
  6173 | D:5      | Reached skill level 7 in Shields
  6309 | D:5      | Found a runed translucent door.
  6310 | D:5      | Noticed Crazy Yiuf
  6465 | D:5      | Killed Crazy Yiuf
  6513 | D:6      | Found a sacrificial altar of Ru.
  6559 | D:6      | Killed from afar by an electric eel

Illustrated notes

Levels and vault maps discovered:
D:1:      elethiomel_arrival_infinity_welcomes_careful_drivers, layout_rooms,
          serial_forest, infiniplex_forest_3_way, infiniplex_forest_side_room,
          infiniplex_forest_clump_large, infiniplex_forest_clump_medium,
          infiniplex_forest_lined_4_way, hellmonk_ecumenical_altar_watching_god
D:2:      layout_basic, uniq_natasha
D:3:      layout_basic, minmay_randomly_rotated_circles, uniq_grinder
D:4:      layout_basic, serial_library_hellmonk_angled_corner,
          grunt_ministairs_11
D:5:      layout_basic, mainiacjoe_overflow_surrounded_room,
          mainiacjoe_overflow_concentric_impassable,
          kennysheep_okawaru_gauntlet, dk_noncrumbling_4,
          uniq_crazy_yiuf_cottage, uniq_ijyb, uniq_pikel
D:6:      layout_basic, nicolae_ru_awakened_eye, ashenzari_conservatory_becter,
          overflow_temple_1_default, nemelex_dance_club_becter,
          minmay_temple_entry_mist, serial_rivers,
          chequers_serial_rivers_large_b, chequers_serial_rivers_micro_c,
          chequers_serial_rivers_room_b, chequers_serial_rivers_micro_e,
          chequers_serial_rivers_micro_a, minivault_4, uniq_prince_ribbit1,
          uniq_maggie, uniq_sigmund

Skill      XL: |  1  2  3  4  5  6  7  8 |
---------------+-------------------------+-----
Armour         | 3 |  3.0
Shields        | 3 4 5 6 7 |  7.1
Dodging        | 1 2 3 |  3.0
Fighting       | 4 5 6 |  6.1
Spellcasting   | 2 |  2.9
Unarmed Combat | |  1.7

Action                     |  1- 3 |  4- 6 |  7- 9 || total
---------------------------+-------+-------+-------++-------
  Melee: Unarmed           |   522 |    68 |       ||   590
         Headbutt          |   144 |    34 |    31 ||   209
         Whip              |       |   118 |   178 ||   296
         Trident           |       |       |     6 ||     6
    Use: Scroll            |       |     5 |     6 ||    11
         Potion            |       |     1 |     2 ||     3
 Armour: Scale mail        |   166 |   101 |    98 ||   365
  Dodge: Dodged            |   113 |    70 |    59 ||   242
  Block: Buckler           |    68 |    35 |    78 ||   181
         Reflection        |       |       |     1 ||     1

Table legend: (Time is in decaauts)
 A = Elapsed time spent in this place.
 B = Non-inter-level travel time spent in this place.
 C = Inter-level travel time spent in this place.
 D = Time resting spent in this place.
 E = Time spent auto-exploring this place.
 F = Levels seen in this place.
 G = Mean time per level.
                   A        B        C        D        E       F      G
               +--------+--------+--------+--------+--------+-----+--------+
         Total |   6590 |   5563 |   1027 |    764 |   2978 |   6 | 1098.3 |
       Dungeon |   6590 |   5563 |   1027 |    764 |   2978 |   6 | 1098.3 |
               +--------+--------+--------+--------+--------+-----+--------+

Top non-repeatable levels by time:
     D:2: 1952 daAuts
     D:3: 1277 daAuts
     D:1: 1190 daAuts
     D:4: 1165 daAuts
     D:5: 937 daAuts
     D:6: 67 daAuts
